 Seeded DCSS version 0.27.1-35-g4d5d836560 (webtiles) character file.

Game seed: 13 (custom seed)

4 xaos the Firebug (level 1, 0/13 HPs)
             Began as a Human Fire Elementalist on Apr 6, 2022.
             Slain by a ball python (1 damage)
             ... on level 1 of the Dungeon.
             The game lasted 00:02:45 (457 turns).

xaos the Firebug (Human Fire Elementalist)           Turns: 457, Time: 00:02:46

Health: 0/13       AC:  2    Str:  8    XL:     1   Next: 66%
Magic:  3/3        EV:  9    Int: 15    God:
Gold:   35         SH:  0    Dex: 13    Spells: 3/4 levels left

rFire    . . .     SeeInvis .   f - +0 dagger
rCold    . . .     Faith    .   (no shield)
rNeg     . . .     Spirit   .   a - +0 robe
rPois    .         Reflect  .   (no helmet)
rElec    .         Harm     .   (no cloak)
rCorr    .         Rampage  .   (no gloves)
Will     .....                  (no boots)
Stlth    ++........             (no amulet)
HPRegen  0.04/turn              (no ring)
MPRegen  0.08/turn              (no ring)

@: constricted
A: no striking features
a: no special abilities


You were on level 1 of the Dungeon.
You visited 1 branch of the dungeon, and saw 1 of its levels.

You collected 35 gold pieces.

Inventory:

Hand Weapons
 f - a +0 dagger (weapon)
Armour
 a - a +0 robe (worn)
Scrolls
 d - 2 scrolls of acquirement {unknown}
Potions
 b - a potion of curing {unknown}
 c - a potion of brilliance {unknown}
 e - a potion of berserk rage {unknown}


   Skills:
 + Level 2.0 Dodging
 + Level 2.0 Stealth
 + Level 2.0 Spellcasting
 + Level 1.1 Conjurations
 + Level 3.2 Fire Magic


You had 3 spell levels left.
You knew the following spells:

 Your Spells              Type           Power      Damage    Failure   Level
a - Foxfire               Conj/Fire      28%        2x1d5     10%         1

Your spell library contained the following spells:

 Spells                   Type           Power      Damage    Failure   Level
 Conjure Flame            Conj/Fire      7%         6-21      28%         3
 Inner Flame              Hex/Fire       6%         N/A       34%         3
 Sticky Flame             Conj/Fire      7%         2d3       67%         4
 Fireball                 Conj/Fire      3%         3d4       95%         5


Dungeon Overview and Level Annotations

Branches:
Dungeon (1/15)

Altars:


Message History

A nearby plant withers and dies.
f - a +0 dagger (weapon)
You see here a +0 club.
Save game and exit?
Welcome back, xaos the Human Fire Elementalist.
Game seed: 13 (custom seed) Press ? for a list of commands and other information.
You completely miss the plant. You hit the plant.
The plant begins to die.
The plant is lightly damaged.
You hit the plant.
The plant is lightly damaged.
You hit the plant.
The plant is lightly damaged.
You hit the plant but do no damage.
The plant is lightly damaged.
A nearby plant withers and dies.
You enter the shallow water.
Moving in this stuff is going to be slow.
You enter the shallow water.
Moving in this stuff is going to be slow.
A ball python comes into view.
The ball python hisses angrily.
The ball python bites you. The ball python misses you.
The ball python bites you. The ball python grabs you.
The ball python constricts you.
You hit the ball python but do no damage.
The ball python bites you. The ball python constricts you.
You hit the ball python.
The ball python is moderately wounded.
The ball python bites you.
* * * LOW HITPOINT WARNING * * *
The ball python constricts you.
* * * LOW HITPOINT WARNING * * *
You closely miss the ball python.
The ball python is moderately wounded.
The ball python barely misses you. The ball python constricts you.
The ball python's grasp on you weakens, but your attempt to escape fails.
The ball python bites you.
You die...

.. .##.# #.##
......... . #...#
..# ... #.... ..#
#.. ....#...# #.#
............# #S#
#.#.....##..###@#
#.#.............#
#.#.###.##..#####
#.#.# #.##..#
##.#.# #.##..#
...#.###.##..#
##...........#
#..........##
#.##########


You could see a ball python.

Vanquished Creatures
  A goblin (D:1)
  2 bats (D:1)
  A kobold (D:1)
  A rat (D:1)
5 creatures vanquished.

Vanquished Creatures (collateral kills)
  A foxfire (D:1)
1 creature vanquished.

Vanquished Creatures (others)
  9 foxfires (D:1)
  9 plants (D:1)
18 creatures vanquished.

Grand Total: 24 creatures vanquished

Notes
Turn   | Place    | Note
-------+----------+-------------------------------------------
     0 | D:1      | xaos the Human Fire Elementalist began the quest for the
                  | Orb.
     0 | D:1      | Reached XP level 1. HP: 13/13 MP: 3/3
   457 | D:1      | Slain by a ball python

Illustrated notes

Levels and vault maps discovered:
D:1:      saegor_arrival_under_anarchy, layout_basic, serial_bayou,
          serial_bayou_shore_a, serial_bayou_pond_c, serial_bayou_pond_e,
          serial_bayou_lake_a, serial_bayou_crossing

Action                   || total
-------------------------++-------
Melee: Unarmed           ||    16
       Dagger            ||     8
 Cast: Foxfire           ||     5
 Stab: Sleeping          ||     1
Armor: Robe              ||    12
Dodge: Dodged            ||    29
